 Dungeon Crawl Stone Soup version 0.31.0-12-g77e489cdc1 (webtiles) character file.

Game seed: 4273293177688729172

250 Doomgape the Shooter (level 5, -3/47 HPs)
             Began as a Minotaur Hunter on Feb 11, 2024.
             Slain by a gnoll bouda
             ... wielding a +0 club
              (7 damage)
             ... on level 4 of the Dungeon.
             The game lasted 00:04:26 (1993 turns).

Doomgape the Shooter (Minotaur Hunter)              Turns: 1993, Time: 00:04:26

Health: -3/47      AC:  3    Str: 16    XL:     5   Next: 88%
Magic:  4/4        EV: 13    Int:  6    God:
Gold:   133        SH:  0    Dex: 15    Spells: 4/4 levels left

rFire   + . .        a - +0 shortbow (elec)
rCold   + . .        (shield currently unavailable)
rNeg    . . .        c - +0 leather armour
rPois   +            (helmet restricted)
rElec   +            (no cloak)
rCorr   +            (no gloves)
SInv    .            (no boots)
Will    .....        (no amulet)
Stlth   +            (no ring)
HPRegen 0.27/turn    (no ring)
MPRegen 0.09/turn

%: no passive effects
@: brilliant, resistant, weakened
A: horns 2, retaliatory headbutt
a: no special abilities


You were on level 4 of the Dungeon.
You visited 1 branch of the dungeon, and saw 4 of its levels.

You collected 133 gold pieces.

Inventory:

Hand Weapons
 a - a +0 shortbow of electrocution (weapon)
 d - a +2 heavy spear
 f - a +0 broad axe
Armour
 c - a +0 leather armour (worn)
Jewellery
 h - a ring of wizardry
 k - an amulet of regeneration
 l - a ring of protection from fire
Scrolls
 b - a scroll of butterflies
 g - 2 scrolls of identify
 m - 2 scrolls of brand weapon
 n - a scroll of vulnerability {unknown}
 p - a scroll of revelation {unknown}
 q - a scroll of fog {unknown}
Potions
 e - a potion of lignification


   Skills:
 + Level 4.8 Fighting
 + Level 5.7 Ranged Weapons
 + Level 4.3 Dodging
 - Level 0.7 Stealth


You had 4 spell levels left.
You didn't know any spells.
Your spell library contained the following spells:

 Spells                   Type           Power      Damage    Failure   Level
 Magic Dart               Conj           0%         1d3       52%         1
 Searing Ray              Conj           0%         2d4       67%         2
 Fulminant Prism          Conj/Alch      0%         3d5       99%         4


Dungeon Overview and Level Annotations

Branches:
Dungeon (4/15)
 Temple: D:4-7

Altars:


Innate Abilities, Weirdness & Mutations

You have a pair of horns on your head.
You reflexively headbutt those who attack you in melee.


Message History

The gnoll bouda gazes fiercely through you!
You feel as though you will be weak longer.
The gnoll bouda hits you with a +0 club.
* * * LOW HITPOINT WARNING * * *
It was a potion of resistance.
You feel protected. The gnoll bouda barely misses you.
It was a potion of brilliance.
You feel clever all of a sudden. The gnoll bouda barely misses you.
Unknown command.
Unknown command.
Unknown command.
You shoot an arrow.
The arrow barely misses the gnoll bouda.
The arrow closely misses the gnoll.
The gnoll bouda hits you with a +0 club!
* * * LOW HITPOINT WARNING * * *
You shoot an arrow.
The arrow closely misses the gnoll bouda.
The arrow hits the gnoll.
The gnoll is severely wounded.
The gnoll bouda barely misses you. You furiously retaliate!
You headbutt the gnoll bouda.
Unknown command.
You shoot an arrow.
The arrow barely misses the gnoll bouda.
The arrow hits the gnoll but does no damage.
The gnoll is severely wounded.
The gnoll bouda barely misses you.
Unknown command.
You shoot an arrow. The arrow hits the gnoll bouda.
The gnoll bouda is severely wounded.
The gnoll bouda hits you with a +0 club.
* * * LOW HITPOINT WARNING * * *
Unknown command.
You shoot an arrow. The arrow hits the gnoll bouda.
The gnoll bouda is almost dead.
The gnoll bouda hits you with a +0 club!
You die...

.#..... ..#....
....<.. ..##.##
.## .# .# .# #
.###.### #. #
.#.....#
###.####.###.#
....[..#
#.....@gg.....
.......#.
#.###.######..
)........# +.#.#
.#.....#.####.#'#
.##...## ##.....#
.##..## #.....#
.##...# #.....#
##.....######.#+#
........'...'.#


You could see a gnoll bouda and a gnoll (swift).

Vanquished Creatures
  A phantom (D:4)
  An orc priest (D:4)
  An orc wizard (D:4)
  3 gnolls
  An adder (D:4)
  3 dart slugs
  2 ribbon worms (D:2)
  2 orcs (D:4)
  9 ball pythons
  4 bats
  10 endoplasms
  6 giant cockroaches
  10 goblins
  A hobgoblin (D:1)
  5 quokkas
  5 frilled lizards
  4 kobolds
  4 rats
72 creatures vanquished.

Notes
Turn   | Place    | Note
-------+----------+-------------------------------------------
     0 | D:1      | Doomgape the Minotaur Hunter began the quest for the Orb.
     0 | D:1      | Reached XP level 1. HP: 18/18 MP: 0/0
     6 | D:1      | Noticed a wyvern
     6 | D:1      | Noticed a killer bee
     6 | D:1      | Noticed an anaconda
     7 | D:1      | Noticed a komodo dragon
     7 | D:1      | Noticed a swamp worm
    69 | D:1      | Reached XP level 2. HP: 25/25 MP: 1/1
   309 | D:1      | Reached XP level 3. HP: 31/31 MP: 2/2
  1026 | D:2      | Found a faded altar of an unknown god.
  1069 | D:2      | Reached skill level 5 in Ranged Weapons
  1096 | D:2      | Reached XP level 4. HP: 40/40 MP: 3/3
  1716 | D:4      | Noticed a phantom
  1726 | D:4      | Killed a phantom
  1727 | D:4      | Reached XP level 5. HP: 38/46 MP: 4/4
  1993 | D:4      | Slain by a gnoll bouda

Illustrated notes

Levels and vault maps discovered:
D:1:      onia_arrival_zoo_common, layout_basic
D:2:      layout_rooms, basic_ecumenical_altar
D:3:      layout_basic
D:4:      nicolae_cairo_tiling_large, layout_loops_ring,
          mainiacjoe_overflow_alcove_4, nicolae_gozag_zags_fifth_avenue,
          serial_shops, nicolae_shop_rolling_square

Skill      XL: |  1  2  3  4  5 |
---------------+----------------+-----
Fighting       | 3 4 |  4.8
Dodging        | 3 4 |  4.3
Ranged Weapons | 5 |  5.7
Stealth        | |  0.7

Action                     |  1- 3 |  4- 6 || total
---------------------------+-------+-------++-------
   Fire: Shortbow          |   118 |    83 ||   201
    Use: Scroll            |     1 |     2 ||     3
         Potion            |       |     4 ||     4
 Armour: Leather armour    |    19 |    26 ||    45
  Dodge: Dodged            |    25 |    28 ||    53
